Map: Eastwatch LE

Players

Juxtapose

  • Race: Zerg Zerg
  • League: Platinum
  • Spawn Location: 7:00

GLaDOS - Winner!

  • Race: Protoss Protoss
  • League: Platinum
  • Spawn Location: 1:00

VOD

https://youtu.be/SITNjNAa0ZQ

Description

I decided to try and be a bit more macro focused this match, and thought I was doing well until the Carriers. I did get to have a little fun with Lurkers though.

It's also official that I do not like Eastwatch.

Time

  • Played on: Feb. 11, 2018, 11:01 a.m.
  • Length: 13:49
Show
View Real Time Build Order
Export as new Build Order

Juxtapose Zerg 

Build Orders: Hatch First, Lurkers 

Get SALT Encoding   

  12  0:01  Drone  
  13  0:09  Drone  
  14  0:17  Overlord  
  14  0:36  Drone x2  
  16  0:53  Drone  
  16  0:54  Hatchery  
  16  1:04  Drone, Extractor  
  16  1:16  Spawning Pool  
  15  1:21  Drone  
  15  1:25  Overlord  
  16  1:39  Drone x2  
  18  1:45  Drone  
  19  1:55  Drone  
  20  2:05  Queen  
  20  2:08  Metabolic Boost  
  22  2:10  Zergling x4  
  24  2:20  Queen  
  26  2:24  Zergling x2  
  26  2:27  Zergling x2  
  28  2:35  Drone x2, Extractor  
  29  2:49  Spore Crawler  
  28  2:51  Drone x2  
  30  3:07  Drone x3  
  32  3:14  Drone x2  
  32  3:18  Overlord  
  34  3:24  Drone  
  34  3:25  Spore Crawler  
  34  3:31  Lair  
  34  3:36  Drone x2, Evolution Chamber  
  35  4:00  Drone x4  
  35  4:01  Drone x5  
  44  4:06  Overlord  
  44  4:22  Overlord  
  44  4:27  Drone x5  
  49  4:31  Extractor  
  49  4:34  Extractor  
  47  4:46  Hydralisk Den  
  47  4:47  Zerg Ground Armor Level 1  
  47  4:49  Queen  
  47  4:51  Queen  
  50  4:53  Drone x2, Overlord  
  52  5:03  Drone x4  
  56  5:17  Grooved Spines, Hydralisk x3  
  56  5:18  Hydralisk  
  64  5:43  Hatchery, Hydralisk x2  
  64  5:45  Overlord x2  
  67  5:51  Lurker Den  
  67  5:53  Pneumatized Carapace  
  67  5:56  Overseer  
  66  6:00  Overseer  
  66  6:01  Hydralisk  
  66  6:02  Overlord  
  68  6:06  Hydralisk x2  
  72  6:25  Hydralisk x2  
  72  6:26  Hydralisk x3  
  82  6:44  Zerg Missile Weapons Level 1  
  82  6:45  Hydralisk x4  
  82  6:46  Hydralisk  
  92  7:00  Drone x3  
  92  7:01  Drone  
  96  7:08  Hydralisk  
  96  7:09  Overlord  
  96  7:10  Overlord  
  98  7:17  Muscular Augments  
  98  7:28  Overlord x2  
  98  7:54  Infestation Pit  
  98  7:56  Drone x6  
  103  7:59  Extractor  
  103  8:01  Spore Crawler, Extractor  
  100  8:07  Hydralisk x5  
  100  8:11  Lurker x3  
  113  8:16  Hydralisk x2  
  117  8:32  Zergling x12  
  123  8:35  Drone x2, Hive  
  123  8:36  Drone x2  
  92  9:24  Hydralisk x6  
  85  9:25  Hydralisk x2  
  101  9:41  Hydralisk x4  
  101  9:42  Hydralisk x5  
  119  9:46  Lurker  
  119  9:48  Hatchery  
  119  9:57  Zerg Missile Weapons Level 2  
  119  10:03  Drone x2  
  121  10:12  Overlord x3  
  121  10:18  Overseer  
  121  10:20  Overseer  
  121  10:33  Zergling x10  
  121  10:35  Adrenal Glands  
  121  10:52  Hydralisk x5  
  121  10:53  Zergling x6  
  121  10:54  Zergling x4  
  136  11:02  Drone x4  
  125  11:13  Hydralisk x2, Overlord x3  
  127  11:18  Overseer x2  
  127  11:19  Overseer  
  127  11:31  Drone x2  
  129  11:33  Spore Crawler  
  128  11:41  Pathogen Glands  
  128  11:43  Infestor x4  
  136  11:57  Hydralisk x6  
  136  11:58  Zergling x4  
  136  11:59  Overlord x3, Zergling x2  
  136  12:00  Overlord  
  151  12:09  Drone  
  102  12:55  Hydralisk x6  
  102  12:56  Hydralisk x4  
  102  12:57  Zergling x12  
  96  13:09  Hydralisk x2  
  96  13:10  Hydralisk x3  
Show
View Real Time Build Order
Export as new Build Order

GLaDOS Protoss - Winner!

Build Orders: 1 Gate Expand, Oracle Opening 

Get SALT Encoding   

  12  0:01  Probe  
  13  0:13  Probe  
  14  0:22  Pylon  
  14  0:25  Probe  
  15  0:40  Probe  
  16  0:43  Gateway  
  16  0:52  Assimilator, Probe  
  17  1:05  Probe  
  18  1:17  Probe  
  19  1:29  Probe  
  20  1:35  Nexus  
  20  1:46  Cybernetics Core  
  20  1:51  Probe  
  21  2:00  Zealot  
  23  2:10  Pylon  
  23  2:19  Gateway  
  23  2:26  Pylon  
  23  2:28  Probe  
  24  2:33  Assimilator  
  24  2:39  Pylon  
  24  2:40  Probe  
  25  2:49  Stargate  
  25  3:12  Probe (Chrono Boost)  
  26  3:16  Stalker  
  26  3:17  Stalker  
  26  3:18  Probe (Chrono Boost)  
  31  3:24  Probe (Chrono Boost)  
  32  3:30  Oracle (Chrono Boost), Probe (Chrono Boost)  
  32  3:32  Probe (Chrono Boost)  
  37  3:35  Probe (Chrono Boost)  
  38  3:42  Probe  
  38  3:43  Assimilator  
  38  3:47  Assimilator  
  39  3:53  Warp Gate (Chrono Boost)  
  39  3:58  Probe x2  
  41  4:10  Probe x2  
  43  4:22  Probe x2  
  45  4:34  Probe x2  
  47  4:46  Probe x2  
  47  4:48  Void Ray  
  53  4:53  Pylon  
  53  4:58  Probe x2  
  55  5:03  Pylon  
  55  5:10  Probe  
  56  5:17  Fleet Beacon, Probe  
  57  5:22  Probe  
  58  5:32  Probe  
  59  5:36  Probe  
  59  5:38  Nexus  
  60  5:44  Probe  
  60  5:48  Pylon  
  61  5:50  Probe  
  62  6:00  Forge  
  62  6:01  Carrier (Chrono Boost)  
  62  6:03  Pylon  
  62  6:06  Probe x2  
  70  6:12  Assimilator  
  70  6:14  Assimilator  
  70  6:19  Probe x2  
  70  6:21  Protoss Air Weapons Level 1 (Chrono Boost)  
  72  6:31  Stargate, Probe x2  
  74  6:47  Probe (Chrono Boost)  
  74  6:48  Probe (Chrono Boost)  
  74  6:50  Photon Cannon  
  74  6:51  Pylon  
  77  6:54  Probe (Chrono Boost)  
  77  6:59  Probe (Chrono Boost)  
  77  7:00  Probe (Chrono Boost)  
  79  7:05  Probe (Chrono Boost)  
  79  7:06  Protoss Shields Level 1 (Chrono Boost)  
  79  7:08  Graviton Catapult (Chrono Boost)  
  80  7:09  Stargate  
  86  7:21  Carrier (Chrono Boost)  
  92  7:26  Carrier (Chrono Boost)  
  92  7:29  Probe  
  93  7:33  Photon Cannon  
  92  7:37  Probe x2  
  92  7:38  Photon Cannon  
  94  7:53  Pylon  
  94  7:56  Pylon  
  94  7:58  Cybernetics Core, Carrier (Chrono Boost)  
  94  8:00  Twilight Council  
  100  8:08  Nexus  
  100  8:11  Pylon  
  100  8:17  Probe x2  
  100  8:18  Probe  
  103  8:27  Shield Battery  
  103  8:30  Probe x2  
  103  8:31  Pylon, Shield Battery, Probe  
  103  8:34  Pylon  
  106  8:40  Mothership (Chrono Boost)  
  106  8:41  Protoss Air Armor Level 1  
  106  8:42  Protoss Air Weapons Level 2  
  111  9:00  Robotics Facility  
  100  9:27  Probe x2  
  102  9:33  Photon Cannon  
  102  9:34  Carrier x2 (Chrono Boost)  
  102  9:35  Photon Cannon  
  114  9:39  Probe x2  
  116  9:47  Assimilator  
  116  9:50  Assimilator, Observer (Chrono Boost)  
  116  9:51  Probe x2 (Chrono Boost)  
  119  9:54  Nexus  
  119  9:57  Carrier (Chrono Boost)  
  127  10:09  Probe x2 (Chrono Boost)  
  127  10:11  Pylon  
  127  10:15  Probe (Chrono Boost)  
  128  10:25  Probe  
  118  10:50  Carrier x2 (Chrono Boost)  
  130  10:58  Charge (Chrono Boost)  
  130  11:15  Carrier  
  136  11:19  Gateway  
  136  11:24  Protoss Shields Level 2 (Chrono Boost)  
  136  11:25  Gateway  
  136  11:26  Gateway  
  136  11:27  Protoss Air Armor Level 2 (Chrono Boost)  
  136  11:29  Pylon  
  136  11:37  Probe x3  
  136  11:38  Probe  
  140  11:49  Probe  
  140  11:53  Probe x3  
  144  12:05  Stargate  
  144  12:08  Carrier x2  
  144  12:13  Warp Prism  
  158  12:23  Pylon  
  158  12:25  Pylon x2  
  148  12:54  Zealot x4  
  148  12:55  Zealot  
  150  13:18  Gateway  
  150  13:22  Gateway x3  
  150  13:24  Gateway  
  150  13:27  Gateway  
  150  13:29  Zealot x5  
Tags
 
Add a new tag
Caveats
  • Supply blocks, unpowered buildings, or Contaminate may cause inaccurate times.
  • Supply counts are checked every 10 seconds.